 Dungeon Crawl Stone Soup version 0.28.0 (webtiles) character file.

Game seed: 12904810908084704848

56 Minsecho the Chopper (level 3, -3/33 HPs)
             Began as a Hill Orc Monk on Feb 7, 2022.
             Slain by an adder (4 damage)
             ... on level 2 of the Dungeon.
             The game lasted 00:04:32 (2163 turns).

Minsecho the Chopper (Hill Orc Monk)                Turns: 2163, Time: 00:04:33

Health: -3/33      AC:  2    Str: 15    XL:     3   Next: 97%
Magic:  3/3        EV: 12    Int: 10    God:
Gold:   74         SH:  0    Dex: 13    Spells: 2/2 levels left

rFire   . . .      SeeInvis .   a - +0 hand axe
rCold   . . .      Faith    .   (no shield)
rNeg    . . .      Spirit   .   b - +0 robe
rPois   .          Reflect  .   (no helmet)
rElec   .          Harm     .   (no cloak)
rCorr   .          Rampage  .   (no gloves)
Will    .....                   (no boots)
Stlth   ++........              (no amulet)
HPRegen 0.11/turn               (no ring)
MPRegen 0.08/turn               (no ring)

@: lethally poisoned (-3 -> -4), about to teleport
A: no striking features
a: no special abilities


You were on level 2 of the Dungeon.
You visited 1 branch of the dungeon, and saw 2 of its levels.

You collected 74 gold pieces.

Inventory:

Hand Weapons
 a - a +0 hand axe (weapon)
 e - a +2 whip of holy wrath
Armour
 b - a +0 robe (worn)
Scrolls
 c - a scroll of fog {unknown}
 d - a scroll of magic mapping {unknown}
 f - a scroll of identify
 g - a scroll of teleportation


   Skills:
 + Level 4.0 Fighting
 + Level 5.4 Axes
 + Level 0.2 Throwing
 + Level 2.8 Dodging
 - Level 1.5 Stealth


You had 2 spell levels left.
You didn't know any spells.
Your spell library contained the following spells:

 Spells                   Type           Power      Damage    Failure   Level
 Call Canine Familiar     Summ           0%         N/A       75%         3
 Portal Projectile        Hex/Tloc       0%         N/A       75%         3
 Leda's Liquefaction      Hex/Erth       0%         N/A       98%         4


Dungeon Overview and Level Annotations

Branches:
Dungeon (2/15)

Altars:

Annotations:
D:2 Robin


Message History

A ball python comes into view.
You miss the adder.
The ball python hisses angrily.
You hit the quokka. The adder completely misses you.
The quokka closely misses you. The adder bites you.
You are poisoned.
The adder poisons you!
You completely miss the adder. You hit the quokka.
You feel sick. The quokka bites you. The adder barely misses you.
You hit the adder.
The adder is lightly wounded.
You hit the quokka but do no damage.
You feel sick. The adder misses you. The quokka bites you.
You closely miss the adder.
The adder is lightly wounded.
You hit the quokka but do no damage.
You feel sick. The adder bites you.
* * * LOW HITPOINT WARNING * * *
The quokka closely misses you. The quokka misses you.
You feel sick.
You feel sick.
You are no longer poisoned.
The adder bites you.
* * * LOW HITPOINT WARNING * * *
You are lethally poisoned!
The adder poisons you!
* * * LOW HITPOINT WARNING * * *
You feel sick.
It was a potion of cancellation.
You feel magically purged.
* * * LOW HITPOINT WARNING * * *
You feel sick. The adder closely misses you.
As you read the scroll labelled SAVIVV IRCHAK CEN, it crumbles to dust.
It is a scroll of identify.
g - 2 scrolls of teleportation
* * * LOW HITPOINT WARNING * * *
You feel sick. The adder barely misses you. The adder closely misses you.
As you read the scroll of teleportation, it crumbles to dust.
You feel strangely unstable.
* * * LOW HITPOINT WARNING * * *
You feel sick. The adder bites you.
You die...

#.# ## #.# .. #.# #.
### #.# #. ##.## #.#
#. ##.#.###.# ###
#.######.###.#<.# #..
#....##.##
##..######.# #..#SS@##
##.†....... #...r##.##
##..######.#
#...####.###.#.# #..
######..#####.#.##.##
#.# ....>.....#
##.##...# #..
.#####..#.# ####.(.###
#.. #..#.#
#.......###.. #..#.#
#............
#..#.#####.......###..


You could see an adder, a quokka and a ball python.

Vanquished Creatures
  A gnoll (D:1)
  A worm (D:2)
  2 dart slugs (D:1)
  3 endoplasms
  3 giant cockroaches (D:1)
  9 goblins
  A hobgoblin (D:2)
  5 ball pythons
  A bat (D:1)
  5 frilled lizards
  3 kobolds
  5 rats
39 creatures vanquished.

Notes
Turn   | Place    | Note
-------+----------+-------------------------------------------
     0 | D:1      | Minsecho the Hill Orc Monk began the quest for the Orb.
     0 | D:1      | Reached XP level 1. HP: 19/19 MP: 1/1
   182 | D:1      | Reached XP level 2. HP: 24/26 MP: 2/2
   213 | D:1      | Found a faded altar of an unknown god.
   248 | D:1      | You fall into a shaft and drop 1 floor!
   706 | D:2      | Noticed Robin
   910 | D:1      | Reached XP level 3. HP: 24/33 MP: 3/3
  1370 | D:1      | Reached skill level 5 in Axes
  2163 | D:2      | HP: 1/33 [poisoned by an adder]
  2163 | D:2      | Slain by an adder

Illustrated notes

Levels and vault maps discovered:
D:1:      minmay_arrival_open_corners, layout_rooms,
          ebering_ecumenical_altar_webs, nicolae_wormholes
D:2:      layout_loops_ring, uniq_robin

Skill      XL: |  1  2  3 |
---------------+----------+-----
Axes           | 5 |  5.4
Fighting       | 4 |  4.0
Throwing       | |  0.2
Dodging        | |  2.8
Stealth        | |  1.5

Action                   || total
-------------------------++-------
Melee: Hand axe          ||   140
       Punch             ||     2
Throw: Javelin           ||    11
  Use: Scroll            ||     4
       Potion            ||     1
Armor: Robe              ||    14
Dodge: Dodged            ||    79
